[Event "VIII Open Semana Santa 2024"]
[Site "San Vicente del Raspeig"]
[Date "2024.03.28"]
[Round "3.1"]
[White "Alekseenko, Kirill"]
[Black "Colbow, Collin"]
[Result "1-0"]
[ECO "B52"]
[WhiteElo "2650"]
[BlackElo "2373"]
[Annotator "TA"]
[PlyCount "69"]
[EventDate "2024.03.27"]
[EventType "swiss"]
[EventCountry "ESP"]
[SourceTitle "playchess.com"]
[Source "ChessBase"]
[SourceQuality "1"]
[TimeControl "5400+30"]

1. e4 c5 2. Nf3 d6 3. Bb5+ Bd7 4. c4 Nc6 5. Nc3 Nf6 6. O-O g6 7. d4 cxd4 8. Nxd4 {[%emt 0:00:06] The position is equal.} Bg7 9. Bxc6 $1 bxc6 {[%emt 0:00:00][%cal Bb7c6,Bc6d5,Bd5d4][%mdl 32] [#]} 10. c5 $1 O-O 11. cxd6 exd6 12. Bf4 d5 13. exd5 $1 Nxd5 14. Nxd5 cxd5 15. Be3 Re8 16. Qd2 Qh4 17. Rac1 Bh3 $2 {[%emt 0:00:00][%mdl 8192] [#]} 18. gxh3 $18 Re4 19. Ne2 (19. Rcd1 $18) 19... d4 $16 20. Bg5 Rxe2 21. Qxe2 Qxg5+ 22. Qg4 Qd8 (22... Qxg4+ $2 23. hxg4 d3 24. b4 $18) 23. Rc5 h5 24. Qf3 Rb8 25. Rfc1 {[%emt 0:00:51] Threatens to win with Rc7.} Qe7 (25... d3 $16) 26. Rc7 $18 Qe6 27. b3 (27. Rxa7 Rb5 $14) 27... Rb5 28. R7c5 ({Weaker is} 28. Rxa7 Rg5+ 29. Kf1 Rf5 30. Qa8+ Kh7 $15) 28... Rb8 29. Rc6 Qe7 30. Rc7 Qg5+ 31. Qg3 Qd8 32. Qf4 (32. Rxa7 Rb5 33. h4 Rf5 $16) 32... Bf6 (32... Qe8 $142 33. Rxa7 (33. Rxf7 Be5 $16) 33... Be5) 33. R1c6 {[%emt 0:03:19] White is clearly winning.} Kg7 34. Rxa7 Rb6 35. Rcc7 {[%emt 0:01:34] Weighted Error Value: White=0.12 (very precise) /Black=0.46.  Loses game:     	---       	Black=1      Missed win:     	White=1     	---        Mistake:       	---       	Black=2      Inaccurate:     	---       	Black=2      OK:         	White=13    	Black=10     Best:        	White=3     	Black=2      Strong:       	White=2     	---} 1-0

[Event "VIII Open Semana Santa 2024"]
[Site "San Vicente del Raspeig"]
[Date "2024.03.28"]
[Round "3.2"]
[White "Arkell, Keith C"]
[Black "Ivanchuk, Vasyl"]
[Result "0-1"]
[ECO "A73"]
[WhiteElo "2371"]
[BlackElo "2625"]
[Annotator "TA"]
[PlyCount "88"]
[EventDate "2024.03.27"]
[EventType "swiss"]
[EventCountry "ESP"]
[SourceTitle "playchess.com"]
[Source "ChessBase"]
[SourceQuality "1"]
[TimeControl "5400+30"]

1. d4 e6 2. c4 Nf6 3. Nf3 c5 4. d5 d6 5. Nc3 exd5 6. cxd5 g6 7. Nd2 Bg7 8. e4 O-O 9. Be2 Na6 10. O-O Ne8 11. Nc4 f5 12. exf5 Bxf5 13. Be3 Rb8 14. a4 Nb4 15. Qd2 Nc2 {[%emt 0:20:33] The position is equal.} 16. Bg5 Bf6 17. Bxf6 Nxf6 18. Rad1 Nd4 19. Bd3 {[%emt 0:00:00] Against Ne4} b6 20. Bxf5 Nxf5 21. Ne3 Nd4 22. Ne2 Nxe2+ 23. Qxe2 Rb7 24. Ng4 (24. Qa6 $11 Rbf7 25. a5) 24... Re7 25. Nxf6+ Rxf6 26. Qa6 Qe8 27. g3 g5 {[%emt 0:12:08] Black is more active.} (27... Rff7 $15) 28. b4 $11 Rh6 29. bxc5 Qh5 30. h4 (30. cxb6 $2 Qxh2#) (30. Qc8+ $2 Re8 $19) 30... gxh4 31. Rd4 (31. cxb6 $2 hxg3 32. Qc8+ Re8 $19) 31... Rc7 $40 {[%emt 0:06:24][%mdl 128] [#] ( -> ...hxg3). Black attacks.} 32. g4 (32. Rxh4 $2 Qxh4 $19) (32. cxb6 hxg3) 32... Rg6 33. Qe2 {[%emt 0:04:28] Strongly threatening cxd6.} bxc5 34. Rf4 {[%emt 0:01:05] Intending Qe8+ and mate.} Kg7 ({Not} 34... Qxd5 35. Qe8+ Kg7 36. Qf8#) ({Black should play} 34... Rc8 $1 $17 35. Qf3 c4) 35. Qb2+ (35. Re1 $1 $11 Rb7 (35... Qxd5 36. Qe8 $14) 36. Qf3) 35... Kh6 36. Qd2 Qg5 {[%emt 0:00:28] [#] Hoping for ...Rf7.} 37. Rd1 (37. Re1 $11 {and White stays safe.}) 37... c4 (37... Rb7 $19 {[%cal Ob7b4] aiming for ...Rb4!} 38. f3 Rb2 39. Qxb2 Qxf4) 38. Rd4 $2 ({White should try} 38. Qd4 $15) 38... c3 $19 39. Qxg5+ Kxg5 {[%emt 0:00:29] KRR-KRR} 40. Rc1 Rg8 41. Kh2 $2 (41. Rc2) 41... c2 42. f3 Rc3 43. Rb4 (43. a5 $142) 43... Rgc8 (43... Rxf3 44. Rxc2 Rg7 45. Rb8 $17) (43... Re8 $142 44. Kg1 Re2 (44... Rxf3 $2 45. Rxc2 Re7 46. Rf2 $19)) 44. Kg2 Rd3 {[%emt 0:00:31] Repels Rd4.   Weighted Error Value: White=0.65/Black=0.36.  Loses game:     	White=1     	---        Mistake:       	White=5     	Black=4      Inaccurate:     	White=3     	Black=1      OK:         	White=13    	Black=11     Best:        	White=1     	Black=3} 0-1

[Event "VIII Open Semana Santa 2024"]
[Site "San Vicente del Raspeig"]
[Date "2024.03.28"]
[Round "3.3"]
[White "Yuffa, Daniil"]
[Black "Dauner, Benedikt"]
[Result "1-0"]
[ECO "D38"]
[WhiteElo "2606"]
[BlackElo "2366"]
[Annotator "TA"]
[PlyCount "81"]
[EventDate "2024.03.27"]
[EventType "swiss"]
[EventCountry "ESP"]
[SourceTitle "playchess.com"]
[Source "ChessBase"]
[SourceQuality "1"]
[TimeControl "5400+30"]

1. d4 Nf6 2. c4 e6 3. Nf3 d5 4. Nc3 Nbd7 5. cxd5 exd5 6. Bg5 Bb4 7. e3 h6 8. Bh4 g5 9. Bg3 Ne4 {[%emt 0:00:05] The position is equal.} 10. Qb3 (10. Nd2 {simplifies} Nxg3 11. hxg3 c6 12. a3) 10... c5 11. dxc5 Qa5 12. a3 $1 Bxc3+ 13. bxc3 Qxc5 14. Bd3 Qxc3+ 15. Qxc3 Nxc3 {[%emt 0:00:05] Excellent horsemanship.} 16. Rc1 Ne4 17. Bxe4 $1 dxe4 {[%emt 0:00:06] Black is weak on the dark squares} 18. Nd4 O-O 19. h4 b6 {[%emt 0:06:16][%cal Bb7b6,Bb6b5][%mdl 32] White now steadily converts the win.} 20. Bd6 {[%emt 0:14:59] Wards off Nc5} (20. hxg5 $16 {Threatens to win with Rc6.} Nc5 21. Kd2 hxg5 22. Rh5) 20... Re8 {[%emt 0:01:58] [#]} (20... Nc5 $1 $14) 21. hxg5 $1 $16 hxg5 22. Rh5 $36 {[%emt 0:03:09][%mdl 2048] White has strong initiative.} f6 {[%emt 0:02:13] [#]} (22... Ne5 $142) 23. Rc7 $1 {[%emt 0:01:33][%mdl 1024] White has strong compensation. White is much more active.} a6 $2 (23... Ne5) 24. Nf5 $18 b5 25. g4 {[%emt 0:11:25] Black must now prevent Be7.} (25. Ne7+ Kg7 26. g4 (26. Nxc8 Kg6 $18) 26... Rxe7 27. Bxe7 a5 $18) 25... a5 26. Ne7+ Rxe7 27. Bxe7 Kg7 $2 {[%emt 0:11:27] [#]} (27... b4 {was worth a try.} 28. a4 (28. axb4 axb4 29. Kd2 b3 $18) 28... Kf7) 28. Bxf6+ $1 Kxf6 29. Rh8 Ne5 30. Rf8+ ({Resist} 30. Rcxc8 Rxc8 31. Rxc8 b4 $18) 30... Kg6 $2 (30... Ke6) 31. Rfxc8 {[%emt 0:00:52][%mdl 4096] Endgame. KRR-KRN. White is clearly winning.} ({Don't take} 31. Rcxc8 Rxc8 32. Rxc8 b4 $18) 31... Ra6 32. Ke2 b4 33. Rc5 Re6 34. a4 b3 35. Rb5 {[%emt 0:02:41] Repels Rb6} Nd3 36. Rxb3 Rf6 37. Rxd3 exd3+ 38. Kxd3 Rxf2 39. Rc6+ Kg7 40. Rc5 Kg6 41. Ke4 {[%emt 0:00:37] Weighted Error Value: White=0.09 (flawless) /Black=0.37.  Mistake:       	White=1     	Black=5      Inaccurate:     	White=1     	Black=2      OK:         	White=12    	Black=8      Best:        	White=4     	Black=2      Strong:       	White=4     	---} 1-0

[Event "VIII Open Semana Santa 2024"]
[Site "San Vicente del Raspeig"]
[Date "2024.03.28"]
[Round "3.4"]
[White "Tabuenca Mendataurigoitia, Daniel"]
[Black "Piorun, Kacper"]
[Result "0-1"]
[ECO "B10"]
[WhiteElo "2365"]
[BlackElo "2599"]
[Annotator "TA"]
[PlyCount "64"]
[EventDate "2024.03.27"]
[EventType "swiss"]
[EventCountry "ESP"]
[SourceTitle "playchess.com"]
[Source "ChessBase"]
[SourceQuality "1"]
[TimeControl "5400+30"]

1. e4 c6 2. Nf3 d5 3. d3 e6 4. Qe2 Nf6 5. g3 Be7 6. Bg2 c5 7. O-O Nc6 8. e5 {[%emt 0:01:06] The position is equal.} Nd7 9. c4 d4 10. h4 h6 11. h5 b6 12. Bf4 Bb7 13. Nbd2 Nf8 14. Ne4 g5 15. hxg6 Nxg6 16. Qd2 Qc7 17. Bxh6 (17. a3 $14 {keeps the upper hand.}) 17... Ncxe5 18. Bg7 $2 {[%emt 0:07:47][%mdl 8192] Loses the game.} (18. Nxe5 $15 Qxe5 (18... Nxe5 19. Bf4 $11) 19. Nd6+ Qxd6 (19... Bxd6 20. Bxb7 Rb8 21. Bc6+ Ke7 22. Rae1 $15) 20. Bxb7) 18... Nxf3+ $19 19. Bxf3 Rh7 20. Bf6 O-O-O {[%emt 0:00:10] [#] Hoping for ...Bxf6.} 21. Qg5 ({And not} 21. Ng5 Bxf3 22. Nxf3 Bxf6 $19) 21... Rdh8 {[%emt 0:03:14] Black is clearly winning.} 22. Rfe1 Bxf6 23. Qxf6 Ne5 24. Nd6+ (24. Bg2 $142) 24... Qxd6 25. Bxb7+ Kxb7 26. Rxe5 Rh1+ 27. Kg2 Qc6+ (27... Rxa1 28. Qxh8 f5 (28... Rxa2 29. Qf6 $17) 29. f3 $17) 28. Re4 R8h2+ 29. Kf3 Rxa1 30. Qxf7+ Ka6 {[%emt 0:00:10] [#] Threatens to win with ...Rf1.} 31. Kg4 Rf1 32. f4 Rxb2 {[%emt 0:00:52] Weighted Error Value: White=0.82/Black=0.10 (very precise) .  Loses game:     	White=1     	---        Mistake:       	White=2     	---        Inaccurate:     	White=2     	Black=2      OK:         	White=6     	Black=6      Best:        	---       	Black=3} 0-1

[Event "VIII Open Semana Santa 2024"]
[Site "San Vicente del Raspeig"]
[Date "2024.03.28"]
[Round "3.5"]
[White "Kourkoulos-Arditis, Stamatis"]
[Black "Serarols Mabras, Bernat"]
[Result "1-0"]
[ECO "B12"]
[WhiteElo "2556"]
[BlackElo "2360"]
[Annotator "TA"]
[PlyCount "71"]
[EventDate "2024.03.27"]
[EventType "swiss"]
[EventCountry "ESP"]
[SourceTitle "playchess.com"]
[Source "ChessBase"]
[SourceQuality "1"]
[TimeControl "5400+30"]

1. e4 c6 2. d4 d5 3. e5 Bf5 4. Nf3 e6 5. Be2 Ne7 6. O-O h6 7. a4 a5 8. Nbd2 Bh7 9. Nb3 {[%emt 0:00:45] White has an edge.} Nd7 10. Bd2 Nf5 11. Qe1 b6 12. c4 Be7 13. cxd5 {[%emt 0:09:07] White stays focused until the end.} cxd5 14. Bb5 O-O 15. Qe2 Qc7 16. Rac1 Qa7 (16... Qd8 $142) 17. g4 $16 Nh4 18. Nxh4 Bxh4 19. f4 {[%emt 0:01:29][%cal Bf2f4,Bf4f5][%mdl 32] [#] g5 is the strong threat.} Be7 20. f5 $36 {[%emt 0:03:05][%mdl 2048] White has strong initiative. White is more active.} Rfc8 21. Qf3 Kh8 (21... Rxc1 $16 {was called for.} 22. Nxc1 (22. Rxc1 Nf8 $16) 22... Nf8) 22. Qh3 $18 Rxc1 23. Nxc1 ({Don't take} 23. Rxc1 Nf8 24. f6 gxf6) 23... exf5 24. gxf5 f6 25. e6 {[%emt 0:10:31] Black is weak on the light squares} Nb8 26. Ne2 Na6 27. Rc1 {[%emt 0:00:15] Threatens to win with Nf4.} Nb4 $2 (27... Nc7 28. Bc6 Rd8) 28. Bf4 {[%emt 0:01:00] White is clearly winning.} Na6 {[%emt 0:02:11] Prevents Rc7} 29. Ng3 Rg8 30. Qf1 Ra8 31. Bxa6 Qxa6 32. Qxa6 Rxa6 33. Rc7 Bb4 34. e7 Ra8 {[%emt 0:00:03] Prevents Rc8+} 35. Rd7 {[%emt 0:00:07] [#] White threatens Rd8+ and mate.} Rg8 (35... Bxe7 $142 36. Rxe7 Rd8) 36. Bd6 {[%emt 0:00:08] Weighted Error Value: White=0.08 (flawless) /Black=0.34.  Mistake:       	---       	Black=4      Inaccurate:     	---       	Black=3      OK:         	White=15    	Black=5      Best:        	White=4     	Black=3} ({Less strong is} 36. Rxd5 Bxe7 37. Rd7 Bb4 $11) 1-0

[Event "VIII Open Semana Santa 2024"]
[Site "San Vicente del Raspeig"]
[Date "2024.03.28"]
[Round "3.6"]
[White "Labiano Hernandez, Juan"]
[Black "Adhiban, B.."]
[Result "1/2-1/2"]
[ECO "B55"]
[WhiteElo "2362"]
[BlackElo "2541"]
[Annotator "RC"]
[PlyCount "42"]
[EventDate "2024.03.27"]
[EventType "swiss"]
[EventCountry "ESP"]
[SourceTitle "playchess.com"]
[Source "ChessBase"]
[SourceQuality "1"]
[TimeControl "5400+30"]

1. e4 c5 2. Nf3 d6 3. d4 cxd4 4. Nxd4 Nf6 5. f3 e5 6. Nb3 Be7 7. c4 a5 8. Be3 Nc6 9. Nc3 O-O 10. Be2 Nh5 11. O-O a4 12. Nd2 Bg5 13. Bf2 a3 14. b3 Qa5 15. Ndb1 Nd4 16. Nd5 Nf4 17. Nxf4 Bxf4 18. Bd3 Nc6 19. Be2 Nd4 20. Bd3 Nc6 21. Be2 Nd4 1/2-1/2

[Event "VIII Open Semana Santa 2024"]
[Site "San Vicente del Raspeig"]
[Date "2024.03.28"]
[Round "3.7"]
[White "Makhnev, Denis"]
[Black "Tippa, Aswath Srisai"]
[Result "1/2-1/2"]
[ECO "D52"]
[WhiteElo "2516"]
[BlackElo "1647"]
[Annotator "TA"]
[PlyCount "102"]
[EventDate "2024.03.27"]
[EventType "swiss"]
[EventCountry "ESP"]
[SourceTitle "playchess.com"]
[Source "ChessBase"]
[SourceQuality "1"]
[TimeControl "5400+30"]

1. d4 d5 2. Nf3 Nf6 3. c4 e6 4. Nc3 c6 5. Bg5 Nbd7 6. e3 Qa5 7. Nd2 Bb4 8. Qc2 O-O 9. Be2 c5 10. O-O cxd4 11. Nb3 Qb6 12. exd4 {[%emt 0:00:00] Threatens to win with c5.} dxc4 13. Bxc4 {[%emt 0:00:00] White has an edge.} a6 14. Ne4 Qc6 15. Nxf6+ Nxf6 16. Bxf6 {[%emt 0:00:00][%cal Oa2a3] [#] a3! would now be deadly.} gxf6 (16... b5 $5 17. Qd3 (17. Bxg7 Kxg7 18. Bd3 Qxc2 $11) 17... Bb7 $11 (17... bxc4 18. Qg3 $16)) 17. Qe2 b5 18. Qg4+ Kh8 19. Be2 {[%emt 0:00:00] Hoping for Bf3.} Bb7 20. Rfc1 Qe4 (20... Rg8 {simplifies} 21. Qxg8+ Rxg8 22. Rxc6 Bxc6 23. g3 Rd8) 21. Nc5 (21. Qxe4 {simplifies} Bxe4 22. Nc5 f5 23. a3) 21... Qxg4 22. Bxg4 Rg8 {[%emt 0:16:30] [#] And now ...Bxc5 would win.} 23. Nxb7 Rxg4 24. a3 {[%emt 0:00:00] h3 is the strong threat.} Bf8 25. Rc7 Kg7 (25... Rxd4 $15 26. Rxf7 Kg8) 26. Rd1 Rg5 27. Rd3 Rd5 28. Kf1 f5 29. Ke2 Kf6 30. Nc5 Rad8 {[%emt 0:02:10] Repels Nd7+} 31. Nxa6 Rxd4 32. Rxd4 Rxd4 $11 {[%emt 0:00:06][%mdl 4096] Endgame. KRB-KRN} 33. Rb7 Rd5 34. Nc7 Rd7 35. Ne8+ Ke7 36. Rxd7+ (36. Rxb5 $2 {is the wrong capture.} Kxe8 37. g3 Rc7 38. Rb8+ Ke7 $19) 36... Kxd7 {[%emt 0:00:08] KB-KN} 37. Nf6+ Ke7 38. Nh5 Kd6 39. Kd3 Be7 40. h3 Bh4 41. f3 Bd8 42. b3 Kc5 43. Kc3 Bc7 44. b4+ Kc6 45. Kd4 Kd6 46. Ng3 Bd8 47. Ne2 (47. Nh5 $11 {remains equal.}) 47... Bf6+ $17 48. Kd3 Kd5 49. Nf4+ Kd6 50. Ne2 $1 Kd5 51. Nf4+ Kd6 {[%emt 0:00:07] Weighted Error Value: White=0.10 (very precise) /Black=0.10 (very precise) .  Mistake:       	White=1     	Black=2      Inaccurate:     	White=3     	Black=3      OK:         	White=11    	Black=17     Best:        	White=1     	Black=2      Strong:       	White=1     	---} ({Black should try} 51... Ke5 $15 52. Ne2 Kd6) 1/2-1/2

[Event "VIII Open Semana Santa 2024"]
[Site "San Vicente del Raspeig"]
[Date "2024.03.28"]
[Round "3.8"]
[White "Ezra Paul Chambers"]
[Black "Basso, Pier Luigi"]
[Result "0-1"]
[ECO "C48"]
[WhiteElo "2343"]
[BlackElo "2503"]
[Annotator "TA"]
[PlyCount "72"]
[EventDate "2024.03.27"]
[EventType "swiss"]
[EventCountry "ESP"]
[SourceTitle "playchess.com"]
[Source "ChessBase"]
[SourceQuality "1"]
[TimeControl "5400+30"]

1. e4 e5 2. Nf3 Nc6 3. Bb5 Nf6 4. Nc3 Nd4 5. Bc4 c6 6. Nxe5 d5 7. exd5 Bd6 8. f4 (8. Nf3 $14 Qe7+ 9. Kf1 Nxf3 (9... Bg4 10. Be2 $14) 10. Qxf3) 8... cxd5 (8... O-O {simplifies} 9. dxc6 Qb6 10. Kf1 Nxc6 11. d4 Qxd4 12. Qxd4 Nxd4 13. Nb5 Nxb5 14. Bxb5 Be6) 9. Bd3 (9. Bb5+ $11 Kf8 10. Bd3) 9... Bxe5 (9... O-O $17 {aiming for ...Bxe5.} 10. O-O Re8) 10. fxe5 $11 Bg4 11. Be2 Ne4 {[%emt 0:16:31] ...Qh4+ would now be deadly.} (11... O-O $5) 12. Bb5+ Kf8 (12... Nxb5 $1 $11 13. Qxg4 Nbxc3 14. bxc3 Qb6) 13. Qxg4 $14 Nxc2+ {[%emt 0:00:04] Excellent horsemanship.} 14. Ke2 Nd4+ 15. Kf1 f5 $2 (15... h5 $14 16. Qd1 (16. Qd7 Qh4 $14) 16... Nxc3 17. dxc3 Nxb5) 16. Qf4 {[%emt 0:00:00] Black must now prevent d3.} g5 17. Qe3 Nc2 18. Qh3 Kg7 {[%emt 0:06:40] Dodges Qh6+} 19. Rb1 (19. d3 $1 $18 Nxc3 20. bxc3 Nxa1 21. Qh5 (21. Qxf5 $2 Rf8 $19)) 19... Qb6 $16 20. Qf3 {[%emt 0:01:08] Wards off Qf2+} (20. Nxd5 $2 Qf2#) (20. Qxf5 $2 Rhf8 $19) (20. d4 $1 $16 Rhc8 21. Nxe4 (21. Qxf5 $2 Rf8 $19) 21... Qxb5+ 22. Kg1 dxe4 23. Bxg5 (23. Qxf5 $2 Rf8 $17)) 20... Nd4 $1 $36 {[%emt 0:02:36][%mdl 2048] Black has some pressure. Chess con chili.} 21. Qe3 {[%emt 0:00:16][%cal Od2d3] Hoping for d3!} f4 22. Qg1 Rhf8 {[%emt 0:00:50] And now ...f3 would win.} 23. Be2 (23. Nxd5 $2 Qxb5+ 24. d3 Qxd3+ 25. Ke1 Qe2#) (23. d3 $1 $11 {and White has nothing to worry.} Rad8 24. dxe4 dxe4 25. a4) 23... Rae8 $19 24. Nxe4 $2 (24. Nxd5 $2 Qc5 25. d3 Qxd5 $19) (24. b3 Rxe5 25. Nxe4 dxe4 26. Bb2) 24... dxe4 25. b3 Qd8 $1 {[%emt 0:01:17][%cal Od4e2] Strongly threatening ...Nxe2!} (25... Rxe5 26. Bb2 e3 27. Rc1 $11) 26. Bh5 (26. e6 Nxe2 (26... Rxe6 $2 27. Qxd4+ Qxd4 28. Bb2 $18) 27. Qc5 Nxc1 28. Rxc1 Rxe6 (28... Qxd2 29. Qxg5+ Kh8 30. Qe5+ Kg8 31. Qg5+ Kh8 32. Qe5+ Kg8 33. Qg5+ Kh8 $11) 29. Qc7+ Kg6 30. Ke1) 26... Re6 $2 (26... Rxe5 27. Bb2 e3 28. Rd1 $11) (26... e3 27. Bb2 Nxb3) 27. Ba3 {[%emt 0:00:25] [#]} Rf5 ({Black should try} 27... e3 $1 $19 {Threatens to win with ...Rf5.} 28. Rc1 (28. Bxf8+ Qxf8 29. Rd1 Rxe5 $15) 28... Rxe5 29. Bxf8+ Kxf8 30. dxe3 fxe3) 28. Bg4 {[%emt 0:00:28] [#]} (28. Rd1 $17 {was worth a try.} e3 29. Bb2) 28... e3 $1 29. dxe3 $2 (29. Rd1 e2+ 30. Kf2 (30. Bxe2 $2 {perishes.} Nxe2 31. Qxa7 Nc3 $19) 30... exd1=B (30... exd1=N+ $2 31. Qxd1 Rfxe5 32. Bxe6 $19) 31. Qxd1) 29... fxe3+ 30. Bxf5 Nxf5 31. Bd6 Qa5 32. Re1 Qa6+ (32... Qb5+ $142 33. Re2 g4) 33. Re2 Re8 {[%emt 0:00:37][%cal Oe8c8] ( -> ...Rc8!)} 34. g4 {[%emt 0:00:59] [#]} Rc8 $1 {[%emt 0:00:09] Black mates.} 35. Ba3 (35. gxf5 Rc1+) 35... Rc2 36. Qg2 Nd4 {[%emt 0:00:48] Weighted Error Value: White=0.99/Black=0.64.  Loses game:     	White=1     	Black=1      Mistake:       	White=8     	Black=3      Inaccurate:     	White=1     	Black=1      OK:         	White=4     	Black=6      Best:        	White=5     	Black=5      Strong:       	---       	Black=2} 0-1

[Event "VIII Open Semana Santa 2024"]
[Site "San Vicente del Raspeig"]
[Date "2024.03.28"]
[Round "3.9"]
[White "Diaz Camallonga, Carles"]
[Black "Oro, Faustino"]
[Result "1/2-1/2"]
[ECO "E18"]
[WhiteElo "2491"]
[BlackElo "2330"]
[Annotator "TA"]
[PlyCount "62"]
[EventDate "2024.03.27"]
[EventType "swiss"]
[EventCountry "ESP"]
[SourceTitle "playchess.com"]
[Source "ChessBase"]
[SourceQuality "1"]
[TimeControl "5400+30"]

1. d4 Nf6 2. Nf3 e6 3. c4 b6 4. g3 Bb7 5. Bg2 Be7 6. O-O O-O 7. Re1 d6 8. Nc3 Ne4 9. Qc2 (9. Ng5 $5 Bxg5 (9... Nxc3 10. Qc2 $16) 10. Bxg5 (10. Bxe4 Bxe4 11. Bxg5 Qxg5 $14) (10. Nxe4 Bxc1 11. Rxc1 a5 $14) 10... Qxg5 11. Nxe4 (11. Bxe4 Bxe4 12. Nxe4 Qg4 $16) 11... Bxe4 12. Bxe4 $14) 9... f5 10. d5 {[%emt 0:13:41] Strongly threatening Nd4.} Nxc3 {[%emt 0:07:05] White has an edge.} 11. Qxc3 (11. Nd4 {is more complex.} Ne4 12. Nxe6 Qc8 13. f3) 11... e5 {[%emt 0:00:55] Inhibits Nd4.} 12. h4 Nd7 13. b4 Bf6 14. Bg5 (14. Bb2 $11) 14... h6 $15 15. Bxf6 Nxf6 16. Nd2 f4 17. e3 fxg3 18. fxg3 Qd7 19. e4 Qg4 20. Rf1 Bc8 21. Rf2 a5 {[%emt 0:01:36] [#] ...axb4 would now be deadly.} 22. b5 Qg6 23. Raf1 Bg4 24. Qe3 Nd7 25. Nf3 Nc5 26. Ne1 Rxf2 27. Rxf2 Rf8 28. Rxf8+ Kxf8 29. Nd3 Nd7 30. Nf2 Ke7 31. Bf3 Bxf3 {[%emt 0:12:30] Weighted Error Value: White=0.08 (flawless) /Black=0.10 (very precise) .  Mistake:       	White=1     	---        Inaccurate:     	White=2     	Black=3      OK:         	White=9     	Black=9      Best:        	White=1     	---} 1/2-1/2

[Event "VIII Open Semana Santa 2024"]
[Site "San Vicente del Raspeig"]
[Date "2024.03.28"]
[Round "3.10"]
[White "Dotzer, Lukas"]
[Black "Bora, Safal"]
[Result "1-0"]
[ECO "C70"]
[WhiteElo "2338"]
[BlackElo "2490"]
[Annotator "TA"]
[PlyCount "73"]
[EventDate "2024.03.27"]
[EventType "swiss"]
[EventCountry "ESP"]
[SourceTitle "playchess.com"]
[Source "ChessBase"]
[SourceQuality "1"]
[TimeControl "5400+30"]

1. e4 e5 2. Nf3 Nc6 3. Bb5 a6 4. Ba4 b5 5. Bb3 Na5 6. O-O d6 7. d4 Nxb3 8. axb3 f6 9. c4 b4 {[%emt 0:00:25] Repels Nc3} 10. d5 Ne7 11. c5 dxc5 {[%emt 0:07:54] The position is equal.} 12. Be3 Ng6 {[%emt 0:00:45] Repels Nh4} 13. Qc2 Bd6 14. Bxc5 O-O 15. Nbd2 Bd7 16. Be3 f5 17. exf5 Rxf5 18. Ne4 {[%emt 0:02:42] [#]} (18. Rfe1 $11 {remains equal.}) 18... Nf4 (18... Rxf3 $1 $17 19. gxf3 Qf8) 19. g3 (19. Bxf4 $14 Rxf4 20. Nfd2) 19... Nh3+ (19... Nxd5 $2 {is the wrong capture.} 20. Qc4 c6 21. Nh4 $18 (21. Nxd6 Rxf3 22. Rfd1 Kh8 $11)) 20. Kg2 Qf8 (20... Qe8 $11 21. Nfd2 Qg6) 21. Nfg5 {[%emt 0:08:32] Really sharp! White has more active pieces.} (21. Nfd2 $16 Rh5 22. f3) 21... Nxg5 $11 22. Nxg5 Qf6 23. Ne6 Qg6 24. f3 Bb5 25. Rf2 {[%emt 0:01:01][%cal Oc2e4] [#]} (25. Rfd1 {with more complications.} c6 26. g4 Rf6 27. Qxg6 Rxg6 28. h4) 25... Rxf3 $1 26. Qxg6 (26. Kxf3 $2 {loses.} Bd3 $19) 26... Rxf2+ 27. Kxf2 hxg6 28. Rc1 Rc8 29. Bb6 c6 30. dxc6 Rxc6 (30... Bxc6 $5 31. Ke3 Be7 $15) 31. Rxc6 Bxc6 {[%emt 0:00:02][%mdl 4096] Endgame. KBB-KBN} 32. Ke3 Kf7 $2 {[%emt 0:06:14][%mdl 8192] This move loses the game for Black.} (32... Bd5 $11 33. Nc5 Bxc5+ 34. Bxc5 Kf7) 33. Nd8+ $18 Kf6 34. Nxc6 Kf5 35. h3 e4 36. g4+ Kg5 37. Bd8+ {[%emt 0:00:08] Weighted Error Value: White=0.25 (precise) /Black=0.49.  Loses game:     	---       	Black=1      Mistake:       	White=3     	Black=2      Inaccurate:     	White=4     	Black=2      OK:         	White=5     	Black=7      Best:        	White=3     	Black=1} 1-0